 Dungeon Crawl Stone Soup version 0.30.1-11-g7821555f0a (webtiles) character file.

Game seed: 16377597630197831535

1270 booth the Chopper (level 8, 0/61 HPs)
             Began as a Demonspawn Monk on Nov 4, 2023.
             Was a Believer of Ru.
             Splashed by a jelly's acid (4 damage)
             ... on level 6 of the Dungeon.
             The game lasted 00:32:19 (6186 turns).

booth the Chopper (Demonspawn Monk)                 Turns: 6186, Time: 00:32:20

Health: 0/61       AC:  0    Str: 13    XL:     8   Next: 28%
Magic:  8/8        EV: 12    Int: 11    God:    Ru [**....]
Gold:   353        SH:  0    Dex: 17    Spells: 7/7 levels left

rFire   + . .        a - +2 hand axe (vamp)
rCold   + . .        (no shield)
rNeg    . . .        b - +0 ring mail
rPois   +            g - +0 helmet
rElec   +            (cloak unavailable)
rCorr   +            v - +1 pair of gloves
SInv    .            (no boots)
Will    .....        (no amulet)
Stlth   +            w - ring of poison resistance
HPRegen 0.30/turn    x - +4 ring of protection
MPRegen 0.22/turn

%: no passive effects
@: resistant, corroded, flying
A: magic regeneration, no poison magic, no translocations magic, no
transmutations magic, unskilled 1, demonic magic 1, weakness stinger 3
a: Renounce Religion


You were on level 6 of the Dungeon.
You worshipped Ru.
Ru was pleased with you.
You visited 2 branches of the dungeon, and saw 7 of its levels.

You collected 353 gold pieces.

Inventory:

Hand Weapons
 a - a +2 vampiric hand axe (weapon)
 B - a +0 war axe
Missiles
 t - a throwing net
 u - 10 poisoned darts (quivered)
Armour
 b - a +0 ring mail (worn)
 d - an orb of light
 g - a +0 helmet (worn)
 l - a +1 leather armour
 s - a +0 kite shield
 v - a +1 pair of gloves (worn)
Jewellery
 j - a ring of fire
 k - the amulet "Zawnuck" {RegenMP Str-2 Dex+4}
   (You found it on level 5 of the Dungeon)

   [amulet of magic regeneration]

   It increases your rate of magic regeneration.
   Str:       It affects your strength (-2).
   Dex:       It affects your dexterity (+4).
 w - a ring of poison resistance (left hand)
 x - a +4 ring of protection (right hand)
 A - the ring of Qiniuh {Ice Str+2 Int+3}
   (You found it on level 5 of the Dungeon)

   [ring of ice]

   It enhances your ice magic.
   Str:       It affects your strength (+2).
   Int:       It affects your intelligence (+3).
   rF:        It makes you vulnerable to fire.
   rC:        It protects you from cold.
Scrolls
 i - a scroll of identify {unknown}
 r - a scroll of teleportation
 y - a scroll of fog
Potions
 c - a potion of ambrosia
 e - 2 potions of curing
 f - 3 potions of cancellation
 h - 2 potions of invisibility
 o - a potion of berserk rage
 p - a potion of attraction {unknown}
 q - a potion of might {unknown}
 z - a potion of haste {unknown}


   Skills:
 + Level 4.9 Fighting
 * Level 5.8 Axes
 + Level 3.2 Throwing
 + Level 4.4 Dodging


You had 7 spell levels left.
You didn't know any spells.
Your spell library contained the following spells:

 Spells                   Type           Power      Damage    Failure   Level
 Hailstorm                Conj/Ice       0%         3d3       93%         3
 Stone Arrow              Conj/Erth      0%         3d7       93%         3
 Tukima's Dance           Hex            0%         N/A       93%         3
 Cause Fear               Hex            0%         N/A       100%        4
 Fulminant Prism          Conj/Hex       0%         3d5       100%        4
 Lee's Rapid Deconstruct  Erth           0%         3d4*      100%        5
 Mephitic Cloud           Conj/Pois/Air  Unusable   N/A       N/A         3
 Volatile Blastmotes      Fire/Tloc      Unusable   2d10      N/A         3
 Iskenderun's Mystic Bla  Conj/Tloc      Unusable   2d3       N/A         4
 Passage of Golubria      Tloc           Unusable   N/A       N/A         4
 Yara's Violent Unravell  Hex/Tmut       Unusable   3d3       N/A         5

Dungeon Overview and Level Annotations

Branches:
Dungeon (6/15)             Temple (1/1) D:4

Altars:
Ashenzari
Dithmenos
Fedhas
Gozag
Hepliaklqana
Kikubaaqudgha
Makhleb
Nemelex Xobeh
Ru
Sif Muna
Trog
Vehumet
Wu Jian
Xom
Yredelemnul

Annotations:
D:5 1 runed translucent door, Crazy Yiuf


Innate Abilities, Weirdness & Mutations

You regenerate magic rapidly.
You cannot study or cast Poison magic.
You cannot study or cast Translocations magic.
You cannot study or cast Transmutations magic.
You are somewhat unskilled. (-1 Apt)
Spells you cast may paralyse adjacent enemies.
You have a sharp stinger which inflicts weakening toxins.


Message History

You slash Blork the orc!
You feel better.
You kill Blork the orc!
A jelly comes into view.
Items here: ) [ ††.
B - a +0 war axe You hit the jelly.
You feel better. The acid corrodes you!
Your hands burn!
The jelly is lightly wounded.
The jelly hits you. The acid corrodes you!
You are splashed with acid!
You hit the jelly.
Your hands burn!
The jelly is moderately wounded.
The jelly hits you. The acid corrodes you!
You are splashed with acid!
You hit the jelly but do no damage.
Your hands burn!
The jelly is moderately wounded.
The jelly hits you.
You are splashed with acid!
You focus your inner power and illuminate the jelly in retribution!
You hit the jelly but do no damage.
Your hands burn!
* * * LOW HITPOINT WARNING * * *
The jelly is moderately wounded.
The jelly hits you.
* * * LOW HITPOINT WARNING * * *
You are splashed with acid!
* * * LOW HITPOINT WARNING * * *
It was a potion of curing.
You feel better.
The jelly stops glowing.
The jelly completely misses you.
It was a potion of flight.
You feel very buoyant.
You fly up into the air.
The jelly misses you.
It was a potion of resistance.
You feel protected. The jelly hits you.
* * * LOW HITPOINT WARNING * * *
You are splashed with acid.
You resist.
* * * LOW HITPOINT WARNING * * *
You hit the jelly.
Your hands burn!
* * * LOW HITPOINT WARNING * * *
The jelly is severely wounded.
The jelly hits you.
* * * LOW HITPOINT WARNING * * *
You are splashed with acid.
You resist.
You die...

.. ##.###
.....#
##...>.#.
#........
#####......#
#..........#
####(..##
##@J.....##
#.#.......#
###..........#
#..†.........#
#.#<..........#
#.#.#.......#$#
.....)...####.#
#..#.###..# †
#..#.# ###


You could see a jelly.

Vanquished Creatures
  Grinder (D:5)
  Eustachio (D:5)
  A water moccasin (D:5)
  A black bear (D:4)
  2 ogres (D:4)
  Blork the orc (D:6)
  2 scorpions
  A hound (D:5)
  An orc priest (D:4)
  A sleepcap (D:5)
  Ijyb (D:3)
  4 orc wizards
  6 adders
  An ufetubus (D:4)
  A worm (D:3)
  3 dart slugs
  15 orcs
  9 ball pythons
  7 endoplasms
  2 giant cockroaches
  10 goblins
  10 hobgoblins
  7 jackals (D:3)
  7 kobolds
  6 quokkas
  3 bats
  6 frilled lizards
  5 rats
115 creatures vanquished.

Vanquished Creatures (others)
  An orc wizard (D:5)
  A worm (D:4)
2 creatures vanquished.

Grand Total: 117 creatures vanquished

Notes
Turn   | Place    | Note
-------+----------+-------------------------------------------
     0 | D:1      | booth the Demonspawn Monk began the quest for the Orb.
     0 | D:1      | Reached XP level 1. HP: 18/18 MP: 1/1
   344 | D:1      | Gained mutation: Spells you cast may paralyse adjacent
                  | enemies. [demonic ancestry]
   344 | D:1      | Reached XP level 2. HP: 24/24 MP: 2/2
   430 | D:1      | Reached skill level 3 in Axes
  1093 | D:1      | Gained mutation: You have a small tail. [demonic ancestry]
  1093 | D:1      | Reached XP level 3. HP: 26/29 MP: 3/3
  1531 | D:2      | Found a sacrificial altar of Ru.
  1555 | D:2      | Became a worshipper of Ru the Awakened
  1576 | D:2      | Gained mutation: You cannot study or cast Poison magic. [Ru
                  | sacrifice]
  1576 | D:2      | Gained mutation: You cannot study or cast Transmutations
                  | magic. [Ru sacrifice]
  1576 | D:2      | Gained mutation: You cannot study or cast Translocations
                  | magic. [Ru sacrifice]
  1576 | D:2      | Reached * piety under Ru
  1697 | D:2      | Reached XP level 4. HP: 19/35 MP: 4/4
  2856 | D:3      | Noticed Ijyb
  2898 | D:3      | Killed Ijyb
  2989 | D:3      | Got the Discursus on Enchanting Bruises
  3010 | D:3      | Reached skill level 1 in Throwing
  3096 | D:3      | Found a burning altar of Makhleb.
  3110 | D:3      | Reached skill level 4 in Axes
  3110 | D:3      | Gained mutation: You have a tail ending in a sharp stinger.
                  | [demonic ancestry]
  3110 | D:3      | Reached XP level 5. HP: 33/42 MP: 5/5
  3425 | D:3      | Found a shimmering blue altar of Sif Muna.
  3729 | D:4      | Found a staircase to the Ecumenical Temple.
  3747 | Temple   | Entered the Ecumenical Temple
  3970 | D:4      | Noticed a black bear
  3984 | D:4      | Killed a black bear
  3985 | D:4      | Reached XP level 6. HP: 5/48 MP: 6/6
  4417 | D:4      | Reached skill level 5 in Axes
  4417 | D:4      | Gained mutation: You have a sharp stinger which inflicts
                  | weakening toxins. [demonic ancestry]
  4417 | D:4      | Reached XP level 7. HP: 41/55 MP: 7/7
  4608 | D:5      | Entered Level 5 of the Dungeon
  4642 | D:5      | Gained mutation: You are somewhat unskilled. (-1 Apt) [Ru
                  | sacrifice]
  4642 | D:5      | Reduced skill Axes to level 4
  4642 | D:5      | Reached ** piety under Ru
  4943 | D:5      | Found a hazy altar of Hepliaklqana.
  5194 | D:5      | Reached skill level 5 in Axes
  5274 | D:5      | Noticed a two-headed ogre
  5443 | D:5      | Found a broken altar of Ashenzari.
  5445 | D:5      | Found a radiant altar of Vehumet.
  5445 | D:5      | Found a snail-covered altar of Cheibriados.
  5447 | D:5      | Found a shimmering altar of Xom.
  5447 | D:5      | Found a shimmering altar of Xom.
  5447 | D:5      | Found a sacrificial altar of Ru.
  5575 | D:5      | Noticed Grinder
  5578 | D:5      | Identified the ring of Qiniuh {Ice Str+2 Int+3}
  5597 | D:5      | Paralysed by Grinder for 2 turns
  5613 | D:5      | Killed Grinder
  5753 | D:5      | Identified the amulet "Zawnuck" {RegenMP Str-2 Dex+4}
  5777 | D:5      | Noticed Eustachio
  5810 | D:5      | Killed Eustachio
  5811 | D:5      | Gained mutation: You regenerate magic rapidly. [demonic
                  | ancestry]
  5811 | D:5      | Reached XP level 8. HP: 60/61 MP: 8/8
  6006 | D:5      | Found a runed translucent door.
  6007 | D:5      | Noticed Crazy Yiuf
  6153 | D:6      | Noticed Blork the orc
  6171 | D:6      | Killed Blork the orc
  6186 | D:6      | Splashed by a jelly's acid

Illustrated notes

Levels and vault maps discovered:
D:1:      lemuel_arrival_tunnels, layout_basic, serial_curves, eino_curves_04,
          eino_curves_01, eino_curves_01, eino_curves_03, st_stairs_7,
          corexii_leaking_fountain
D:2:      layout_basic, basic_altar, serial_bayou_pond_b
D:3:      layout_rooms, lemuel_crystal_altar, nicolae_overflow_hidden_temple,
          uniq_ijyb
D:4:      layout_basic, minmay_temple_entry_waves
D:5:      layout_loops_cross, doesnt_xom_only_xom, mainiacjoe_overflow_swirl,
          uniq_eustachio, uniq_crazy_yiuf_cottage, uniq_grinder
D:6:      minmay_skewed_foursquare, layout_loops_ring,
          nicolae_uskayaw_murder_on_the_dancefloor, kennysheep_generic_room_14,
          uniq_blork_the_orc
Temple:   nicolae_temple_no_exploring_needed

Skill      XL: |  1  2  3  4  5  6  7 |
---------------+----------------------+-----
Axes           | 3 4 5 5 |  5.8
Dodging        | 3 4 4 |  4.4
Throwing       | 1 2 3 |  3.2
Fighting       | 4 |  4.9

Action                     |  1- 3 |  4- 6 |  7- 9 || total
---------------------------+-------+-------+-------++-------
  Melee: Hand axe          |   101 |   179 |   135 ||   415
         Tailslap          |     6 |    22 |    27 ||    55
         Punch             |       |       |     4 ||     4
  Throw: Boomerang         |    10 |    19 |    17 ||    46
         Dart              |       |     2 |    30 ||    32
 Invoke: Sacrifice Arcana  |     1 |       |       ||     1
         Sacrifice Skill   |       |       |     1 ||     1
    Use: Scroll            |     2 |     6 |     4 ||    12
         Potion            |     1 |     3 |     3 ||     7
 Armour: Robe              |    15 |     2 |       ||    17
         Leather armour    |       |    37 |     8 ||    45
         Ring mail         |       |       |    40 ||    40
  Dodge: Dodged            |    64 |   107 |    50 ||   221
